 Dungeon Crawl Stone Soup version 0.24.0-13-gcf9b319 (webtiles) character file.

Game seed: 10449053386288696420, levelgen mode: deterministic

49 Chrisjfl the Slasher (level 3, -9/21 HPs)
             Began as a Tengu Gladiator on Mar 22, 2020.
             Mangled by an ogre
             ... wielding a +0 giant club
              (11 damage)
             ... on level 2 of the Dungeon.
             The game lasted 00:02:21 (931 turns).

Chrisjfl the Slasher (Tengu Gladiator)               Turns: 931, Time: 00:02:21

Health: -9/21      AC: 10    Str: 15    XL:     3   Next: 77%
Magic:  4/4        EV:  5    Int:  8    God:
Gold:   66         SH:  0    Dex: 15    Spells: 2/2 levels left

rFire    . . .     SeeInvis .   a - +0 long sword
rCold    . . .     Gourm    .   (no shield)
rNeg     . . .     Faith    .   e - +0 plate armour
rPois    .         Spirit   .   c - +0 hat
rElec    .         Reflect  .   (no cloak)
rCorr    .         Harm     .   (no gloves)
MR       .....                  (boots unavailable)
Stlth    ..........             (no amulet)
HPRegen  0.07/turn              (no ring)
MPRegen  0.09/turn              (no ring)

@: no status effects
A: beak, talons 3
a: no special abilities


You were on level 2 of the Dungeon.
You were not hungry.

You visited 1 branch of the dungeon, and saw 2 of its levels.

You collected 66 gold pieces.

Inventory:

Hand Weapons
 a - a +0 long sword (weapon)
Missiles
 d - 2 throwing nets (quivered)
 h - 25 stones
 m - 5 boomerangs
Armour
 b - a +0 leather armour
 c - a +0 hat (worn)
 e - a +0 plate armour (worn)
 l - a +0 pair of gloves
Scrolls
 i - 2 scrolls of teleportation {unknown}
 k - 2 scrolls of remove curse {unknown}
 n - 2 scrolls of identify {unknown}
Potions
 j - a potion of magic {unknown}
Comestibles
 f - 6 rations
 g - 3 chunks of flesh


   Skills:
 - Level 2.0 Fighting
 + Level 5.1 Long Blades
 - Level 2.0 Throwing
 - Level 3.2 Dodging


You had 2 spell levels left.
You didn't know any spells.
Your spell library was empty.

Dungeon Overview and Level Annotations

Branches:
Dungeon (2/15)

Altars:


Innate Abilities, Weirdness & Mutations

You have a beak for a mouth.
You have claws for feet.


Message History

The ogre struggles against the net.
You strike the helpless ogre from behind!
You hit the ogre. You claw the ogre.
The ogre is moderately wounded.
The ogre struggles against the net.
You strike the helpless ogre from behind!
You hit the ogre. You claw the ogre.
The ogre is moderately wounded.
The ogre struggles against the net.
The net rips apart, and the ogre comes free!
You slash the ogre! You peck the ogre, but do no damage.
The ogre is severely wounded.
The ogre hits you with a +0 giant club!!
Ouch! That really hurt!
* * * LOW HITPOINT WARNING * * *
You hit the ogre but do no damage. Your kick misses the ogre.
The ogre is severely wounded.
The ogre hits you with a +0 giant club!
Ouch! That really hurt!
You die...

....... #..# ....... ##.#
.# .....##### #.# #.#
#.......$# #.## #.#
#........# #.÷# #.#
#........# ##.## #.#
#........# #..# #.#
#........#####.#######.##
+........O@...........†.#
#........######.######..#
#........# #.# #..#
#........# #.. #..#
#........# ##.# #..#
#........# .. #..###
########## #.# #..... .#
#.#### .. #.##..


You could see an ogre.

Vanquished Creatures
  An adder (D:2)
  An ooze (D:1)
  4 dart slugs (D:1)
  3 bats (D:1)
  3 giant cockroaches
  2 goblins
  3 hobgoblins
  2 jackals (D:2)
  A frilled lizard (D:1)
  3 kobolds
  4 rats
27 creatures vanquished.

Notes
Turn   | Place    | Note
-------+----------+-------------------------------------------
     0 | D:1      | Chrisjfl the Tengu Gladiator began the quest for the Orb.
     0 | D:1      | Reached XP level 1. HP: 12/12 MP: 2/2
   121 | D:1      | Reached skill level 4 in Long Blades
   121 | D:1      | Reached XP level 2. HP: 14/17 MP: 3/3
   318 | D:1      | Reached XP level 3. HP: 21/21 MP: 4/4
   854 | D:2      | Reached skill level 5 in Long Blades
   878 | D:2      | Noticed an ogre
   931 | D:2      | Mangled by an ogre

Levels and vault maps discovered:
D:1:      lightli_arrival_lavapool, layout_loops_ring
D:2:      layout_basic

Skill      XL: |  1  2  3 |
---------------+----------+-----
Long Blades    | 4 5 |  5.1
Fighting       | |  2.0
Throwing       | |  2.0
Dodging        | |  3.2

Action                   || total
-------------------------++-------
Melee: Long sword        ||    63
       Kick              ||    16
       Peck              ||    11
Throw: Throwing net      ||     1
 Stab: Held in net/web   ||     2
Armor: Plate armour      ||    41
       Leather armour    ||     1
Dodge: Dodged            ||    16
       Rpst.: Long sword ||     5
